 Dungeon Crawl Stone Soup version 0.17-a0-1882-g750edc8 (webtiles) character file.

69 Feirund the Poker (level 4, 19/33 HPs)
             Began as a Demonspawn Skald on Sept 22, 2015.
             Quit the game on level 2 of the Dungeon.
             The game lasted 00:04:47 (1854 turns).

Feirund the Poker (Demonspawn Skald)                Turns: 1854, Time: 00:04:47

Health: 19/33      AC:  6    Str: 14    XL:     4   Next: 2%
Magic:  7/7        EV: 10    Int: 13    God:
Gold:   82         SH:  0    Dex: 12    Spells: 1 memorised, 6 levels left

rFire  . . .     SeeInvis .     a - +0 spear
rCold  . . .     Clarity  .     l - +0 ring mail
rNeg   . . .     SustAt   .     (no shield)
rPois  .         Gourm    .     (no helmet)
rElec  .         Spirit   .     (no cloak)
rCorr  .         Warding  .     (no gloves)
rMut   .         Stasis   .     j - +0 pair of boots
MR     .....                    (no amulet)
Stlth  ++........               (no ring)
                                (no ring)

@: not resistant to hostile enchantments, unstealthy
A: hooves 1, nightstalker 1
a: no special abilities


You were on level 2 of the Dungeon.
You were not hungry.

You visited 1 branch of the dungeon, and saw 2 of its levels.

You collected 82 gold pieces.

Inventory:

Hand weapons
 a - a +0 spear (weapon)
Armour
 b - a +0 leather armour
 j - a +0 pair of boots (worn)
 l - a +0 ring mail (worn)
Jewellery
 f - an uncursed amulet of rage {unknown}
Scrolls
 e - a scroll of teleportation {unknown}
 g - a scroll of random uselessness {unknown}
 h - a scroll of identify {unknown}
 k - a scroll of fog {unknown}
Potions
 m - a potion of experience {unknown}
Books
 c - a book of Battle

   Spells                             Type                      Level
   a - Infusion                       Charms                       1
   b - Shroud of Golubria             Charms/Translocation         2
   c - Song of Slaying                Charms                       2
   d - Spectral Weapon                Hexes/Charms                 3
   e - Regeneration                   Charms/Necromancy            3
Comestibles
 d - 2 bread rations
 i - a meat ration
 n - a chunk of flesh


   Skills:
 - Level 2.0 Fighting
 * Level 3.9 Polearms
 - Level 0.8 Armour
 - Level 0.8 Dodging
 - Level 2.0 Spellcasting
 - Level 2.6 Charms


You had 6 spell levels left.
You knew the following spells:

 Your Spells              Type           Power        Failure   Level  Hunger
a - Infusion              Chrm           #.....       21%         1    ##.....


Dungeon Overview and Level Annotations

Branches:
Dungeon (2/15)

Altars:


Innate Abilities, Weirdness & Mutations

You have large cloven feet.
You are slightly more attuned to the shadows.


Message History

The worm closely misses you.
You hit the worm but do no damage.
The worm is severely wounded.
The worm barely misses you.
You hit the worm.
The worm is almost dead.
You hit the worm.
You kill the worm!
You have reached level 4!
You feel stronger.
Your demonic ancestry asserts itself...
You slip into the darkness of the dungeon.
You see here a worm corpse.
You butcher the worm corpse.
n - 2 chunks of flesh Eat one of 2 chunks of flesh? (ye/n/q/i?) This raw flesh tastes terrible.
You continue eating. x2
Are you sure you want to abandon this character and quit the game? (Confirm with "yes".)
Okay, then.
Are you sure you want to abandon this character and quit the game? (Confirm with "yes".)

#####...# ........#
........# .......## ######
.......# #########....#
.......# #.......#.#.##
.......# #.#####.#.#.####
.......# #.# #.#.#[...#
.......###.# #@#.####.#
........##.# #.#....#.#
.......(##.#####...#....#
................>#.###..#
...........##.#....###..####
###.##.##.###.#..##........#
#.##....# #..<.##.######.#
#.###########.###.###..# #
#.#........##.# #...#..#


There were no monsters in sight!

Vanquished Creatures
  2 adders (D:2)
  2 oozes
  3 worms (D:2)
  A giant gecko (D:1)
  A giant cockroach (D:1)
  3 goblins (D:1)
  7 hobgoblins
  3 kobolds (D:1)
  A ball python (D:1)
  3 bats
  3 giant newts (D:1)
  A quokka (D:2)
  6 rats
36 creatures vanquished.

Notes
Turn   | Place    | Note
--------------------------------------------------------------
     0 | D:1      | Feirund the Demonspawn Skald began the quest for the Orb.
     0 | D:1      | Reached XP level 1. HP: 16/16 MP: 3/3
   131 | D:1      | Gained mutation: You have large cloven feet. [demonic ancestry]
   131 | D:1      | Reached XP level 2. HP: 20/22 MP: 5/5
   601 | D:1      | Reached skill level 3 in Polearms
   971 | D:1      | Reached XP level 3. HP: 25/27 MP: 6/6
  1847 | D:2      | Gained mutation: You are slightly more attuned to the shadows. [demonic ancestry]
  1847 | D:2      | Reached XP level 4. HP: 18/33 MP: 7/7
  1854 | D:2      | Quit the game

Vault maps used:
D:1:      nicolae_arrival_washed_ashore, minmay_misc_feat_cross
D:2:      minmay_rats_cheesy_pizza

Action                   |  1- 3 |  4- 6 || total
-------------------------+-------+-------++-------
Melee: Spear             |   197 |       ||   197
  Use: Potion            |     1 |       ||     1
  Eat: Chunk             |     2 |     1 ||     3
